 Dungeon Crawl Stone Soup version 0.30.1-11-g7821555f0a (webtiles) character file.

Game seed: 7407534347352741324

442 ChrisAssaf the Grave Robber (level 7, -1/49 HPs)
             Began as a Human Necromancer on Dec 18, 2023.
             Was a Follower of Nemelex Xobeh.
             Slain by Grinder (5 damage)
             ... on level 4 of the Dungeon.
             The game lasted 00:16:33 (1847 turns).

ChrisAssaf the Grave Robber (Human Necromancer)     Turns: 1847, Time: 00:16:34

Health: -1/49      AC:  6    Str:  8    XL:     7   Next: 23%
Magic:  12/12      EV: 11    Int: 18    God:    Nemelex Xobeh [*.....]
Gold:   105        SH:  0    Dex: 23    Spells: 5/13 levels left

rFire   . . .        g - +0 hand axe
rCold   + . .        (no shield)
rNeg    . . .        e - +0 ring mail of Decompression {Regen+ rCorr Dex+4}
rPois   +            (no helmet)
rElec   .            (no cloak)
rCorr   +            (no gloves)
SInv    .            (no boots)
Will    .....        (no amulet)
Stlth   ++           h - +6 ring of dexterity
HPRegen 1.08/turn    (no ring)
MPRegen 0.13/turn

%: no passive effects
@: no status effects
A: fangs 1, cold resistance 1, poison resistance, shaggy fur 1
a: Renounce Religion, Draw Escape, Draw Destruction, Draw Summoning


You were on level 4 of the Dungeon.
You worshipped Nemelex Xobeh.
Nemelex Xobeh was aware of your devotion.
You visited 2 branches of the dungeon, and saw 6 of its levels.

You collected 105 gold pieces.

Inventory:

Hand Weapons
 g - a +0 hand axe (weapon)
Armour
 a - a +0 robe
 e - the +0 ring mail of Decompression (worn) {Regen+ rCorr Dex+4}
   (You found it on level 2 of the Dungeon)

   Dex:       It affects your dexterity (+4).
   Regen:     It increases your rate of health regeneration.
   rCorr:     It protects you from acid and corrosion.
Jewellery
 c - a ring of resist corrosion
 h - a +6 ring of dexterity (left hand)
Potions
 b - a potion of degeneration
 f - a potion of brilliance


   Skills:
 * Level 1.8 Fighting
 * Level 1.4 Axes
 * Level 1.9 Armour
 * Level 2.7 Dodging
 * Level 2.9 Stealth
 * Level 3.5 Spellcasting
 * Level 5.5 Necromancy
 * Level 1.0 Invocations


You had 5 spell levels left.
You knew the following spells:

 Your Spells              Type           Power      Damage    Failure   Level
a - Necrotise             Necr           92%        1d8       4%          1
b - Vampiric Draining     Necr           23%        2d7       14%         3
c - Animate Dead          Necr           23%        N/A       43%         4

Your spell library contained the following spells:

 Spells                   Type           Power      Damage    Failure   Level
 Agony                    Necr           23%        N/A       78%         5


Dungeon Overview and Level Annotations

Branches:
Dungeon (5/15)             Temple (1/1) D:4

Altars:
Ashenzari
Fedhas
Gozag
Hepliaklqana
Kikubaaqudgha
Nemelex Xobeh
Okawaru
Qazlal
Ru
Sif Muna
Trog
Uskayaw
Vehumet
Xom
Yredelemnul
Zin

Shops:
D:4 *

Annotations:
D:4 Grinder
Temple 2 transporters


Innate Abilities, Weirdness & Mutations

You have very sharp teeth.
Your flesh is cold resistant. (rC+)
Your system is resistant to poisons. (rPois)
You are covered in fur. (AC +1)


Message History

You barely miss Grinder. Your bite misses Grinder.
Grinder is lightly wounded.
Grinder gestures at you. Pain shoots through your body!
Grinder gestures at you. Pain shoots through your body!
You hit Grinder. You bite Grinder, but do no damage.
Grinder is lightly wounded.
Grinder hits you.
You hit Grinder but do no damage. Your bite misses Grinder.
Grinder is lightly wounded.
Grinder hits you but does no damage.
You hit Grinder but do no damage.
Grinder is lightly wounded.
Grinder barely misses you.
You barely miss Grinder.
Grinder is lightly wounded.
Grinder hits you.
You writhe in agony.
Grinder gestures at you. Pain shoots through your body!
You barely miss Grinder.
Grinder is lightly wounded.
Grinder misses you.
You hit Grinder.
Grinder is lightly wounded.
Grinder hits you!
You writhe in agony.
You closely miss Grinder. Your bite misses Grinder.
Grinder is lightly wounded.
Grinder hits you.
You writhe in agony.
Okay, then.
Okay, then.
You hit Grinder but do no damage.
Grinder is lightly wounded.
Grinder hits you.
You writhe in agony.
* * * LOW HITPOINT WARNING * * *
Grinder hits you!
* * * LOW HITPOINT WARNING * * *
You writhe in agony.
You die...
Your body disappears without a glow.

..#
#.######...######........†.
#.#
#.<....#...................
#.#
######.#...###########...##
*.# #.#...# #..... *.#
#.#...# #....# *,*
#.....###########....# *,*
#.#................... *,*
######.#.#5###########....#
*,* #.........@.#****
#..... *,*
######.####+#*,,* #.#..#
*** #.**~~,~*#.######.#..#
#.,+,,*~*#...........#
#.**~*,,+.............
#.,*~,~~*.............
##***+***.############
*,,,,,,,* ******,**


You could see Grinder.

Vanquished Creatures
  A phantom (D:3)
  A bullfrog (D:4)
  A howler monkey (D:4)
  A hound (D:4)
  A sleepcap (D:4)
  3 iguanas (D:4)
  7 adders
  3 worms
  2 dart slugs
  4 orcs (D:3)
  3 ball pythons
  2 endoplasms
  A giant cockroach (D:2)
  6 hobgoblins
  2 jackals (D:3)
  3 kobolds
  2 quokkas
  4 bats
  4 frilled lizards
  3 goblins
54 creatures vanquished.

Vanquished Creatures (collateral kills)
  A worm (D:4)
  An endoplasm (D:2)
  A goblin (D:3)
  2 kobolds
5 creatures vanquished.

Grand Total: 59 creatures vanquished

Notes
Turn   | Place    | Note
-------+----------+-------------------------------------------
     0 | D:1      | ChrisAssaf the Human Necromancer began the quest for the
                  | Orb.
     0 | D:1      | Reached XP level 1. HP: 13/13 MP: 3/3
    64 | D:1      | Reached XP level 2. HP: 19/19 MP: 3/5
   201 | D:2      | Reached XP level 3. HP: 15/25 MP: 0/6
   205 | D:2      | Learned a level 3 spell: Vampiric Draining
   213 | D:2      | Identified the +0 ring mail of Decompression {Regen+ rCorr
                  | Dex+4}
   338 | D:3      | Noticed a phantom
   510 | D:2      | Reached XP level 4. HP: 18/31 MP: 0/7
   713 | D:4      | Reached skill level 1 in Armour
   758 | D:4      | Learned a level 4 spell: Animate Dead
   783 | D:4      | Reached skill level 5 in Necromancy
   783 | D:4      | Reached XP level 5. HP: 27/36 MP: 1/9
   795 | D:5      | Entered Level 5 of the Dungeon
   795 | D:5      | Noticed a phantom
   807 | D:4      | Noticed a bullfrog
   810 | D:4      | Killed a bullfrog
   811 | D:4      | Reached skill level 1 in Fighting
   860 | D:4      | Reached XP level 6. HP: 33/43 MP: 0/10
   870 | D:4      | Found a staircase to the Ecumenical Temple.
   888 | Temple   | Entered the Ecumenical Temple
   888 | Temple   | Found a transporter.
   888 | Temple   | Found a transporter.
   890 | Temple   | Found a transporter.
   890 | Temple   | Found a transporter.
   903 | Temple   | Became a worshipper of Nemelex Xobeh the Trickster
  1081 | D:4      | Found an opulent altar of Gozag.
  1203 | D:4      | Found Haceifo's General Store.
  1241 | D:4      | Reached skill level 1 in Axes
  1359 | D:4      | Noticed Grinder
  1372 | D:4      | Paralysed by Grinder for 4 turns
  1563 | D:3      | Reached XP level 7. HP: 42/49 MP: 3/12
  1648 | D:4      | Reached skill level 1 in Invocations
  1731 | D:4      | Reached * piety under Nemelex Xobeh
  1811 | D:4      | Paralysed by Grinder for 2 turns
  1815 | D:4      | Paralysed by Grinder for 4 turns
  1822 | D:4      | Gained mutation: Armour fits poorly on your strangely
                  | shaped body. [potion of mutation]
  1837 | D:4      | Lost mutation: Armour fits poorly on your strangely shaped
                  | body. [potion of mutation]
  1837 | D:4      | Gained mutation: You have very sharp teeth. [potion of
                  | mutation]
  1837 | D:4      | Gained mutation: You are covered in fur. (AC +1) [potion of
                  | mutation]
  1837 | D:4      | Gained mutation: Your flesh is cold resistant. (rC+)
                  | [potion of mutation]
  1837 | D:4      | Gained mutation: Your system is resistant to poisons.
                  | (rPois) [potion of mutation]
  1847 | D:4      | Slain by Grinder

Illustrated notes

Levels and vault maps discovered:
D:1:      amcnicky_arrival_double_pillar, layout_rooms,
          shapermc_ecumenical_altar_rom_forum, hangedman_glass_teeth,
          minmay_strange_pillars
D:2:      layout_basic, uniq_natasha
D:3:      layout_rooms, general_overflow_altar
D:4:      layout_basic, nicolae_overflow_crystal_walls,
          minmay_temple_entry_statues_fountains, serial_shops, shop,
          kennysheep_generic_room_14, uniq_duvessa, uniq_grinder
D:5:      corexii_shantytown, layout_basic, chei_slow_surprise,
          nicolae_wu_jian_immortal_techniques, ebering_ghost_sewer_f
Temple:   hellmonk_temple_divided_pantheon

Skill      XL: |  1  2  3  4  5  6  7 |
---------------+----------------------+-----
Armour         | 1 |  1.9
Necromancy     | 5 |  5.5
Fighting       | 1 |  1.8
Spellcasting   | 3 |  3.5
Axes           | 1 |  1.4
Invocations    | 1 |  1.0
Dodging        | |  2.7
Stealth        | |  2.9

Action                     |  1- 3 |  4- 6 |  7- 9 || total
---------------------------+-------+-------+-------++-------
  Melee: Unarmed           |     1 |       |       ||     1
         Hand axe          |       |    96 |    23 ||   119
         Punch             |       |     4 |     1 ||     5
         Bite              |       |       |     1 ||     1
   Cast: Necrotise         |    40 |    27 |     3 ||    70
         Vampiric Draining |     1 |    20 |     3 ||    24
    Use: Potion            |     3 |     2 |     3 ||     8
         Scroll            |     1 |     2 |     2 ||     5
   Stab: Sleeping          |       |     2 |       ||     2
 Armour: Robe              |     1 |       |       ||     1
         Ring mail         |    14 |    54 |     7 ||    75
         Skin              |       |    15 |       ||    15
  Dodge: Dodged            |    39 |    70 |    19 ||   128
